cohdb
Replays
Latest Replays
All Replays
Popular Replays
Top Player Replays
Match Explorer
How It Works
Community
CoH3 Stats
Reddit
Sign in to upload your games and track your stats! →
Sign in with Steam
Match 46583907
Unlisted
Match 46583907
Overview
Messages
Build Orders
End
Construct Infanterie Kompanie
Grenadier Squad
Selects Mechanized Battlegroup
MG 42 Machine Gun Team
Grenadier Squad
Construct Panzergrenadier Kompanie
251 Medium Carrier
Medical Station
MG 42 Machine Gun Team
Pak 40 Anti-tank Gun Team
Grenadier Squad
Support Elements
Pioneer Squad
Selects Raid Package
Selects StuG Assault Group
StuG Assault Group
Construct Panzer Kompanie
Pioneer Squad
DragonLTU
nispe
Paul
DonaldD.
Anno3001
pizza2power
0
0
Comments
sign in to comment!
No comments posted yet!